[Event "Early-Titled-Tuesday-Blitz-May-14-2024"]
[Site "Chess.com"]
[Date "2024.05.14"]
[Round "6"]
[White "David_Arutinian"]
[Black "hongnhung1234"]
[Result "1-0"]
[WhiteElo "2842"]
[BlackElo "2570"]
[TimeControl "180+1"]
[EndTime "9:05:02 PDT"]
[Termination "David_Arutinian won by resignation"]

1. Nf3 f5 2. c4 Nf6 3. Nc3 d6 4. d3 e5 5. g3 g6 6. Bg2 Bg7 7. O-O O-O 8. Rb1 Nc6 9. b4 h6 10. b5 Ne7 11. a4 g5 12. Ba3 f4 13. c5 Nf5 14. cxd6 cxd6 15. Nd2 fxg3 16. hxg3 Qe8 17.
e3 Qe7 18. Nde4 Be6 19. Nxf6+ Bxf6 20. Nd5 Qd7 21. Rc1 Rac8 22. Rxc8 Qxc8 23. Qb1 Rd8 24.
Nxf6+ 1-0

[Event "Early-Titled-Tuesday-Blitz-May-14-2024"]
[Site "Chess.com"]
[Date "2024.05.14"]
[Round "6"]
[White "simaopdias"]
[Black "dontcatchmeifyoucant"]
[Result "0-1"]
[WhiteElo "2270"]
[BlackElo "2428"]
[TimeControl "180+1"]
[EndTime "9:05:02 PDT"]
[Termination "dontcatchmeifyoucant won by resignation"]

1. d4 Nf6 2. Nf3 e6 3. g3 b6 4.
Bg2 Bb7 5. c4 Be7 6. O-O O-O 7.
Nc3 Ne4 8. Qc2 Nxc3 9. Qxc3 d6 10. Re1 f5 11. b3 Nd7 12. Bb2 Qe8 13. Rad1 Qh5 14.
e3 Bxf3 15. Bxf3 Qxf3 16. Rd3 Qh5 17. e4 fxe4 18. Rxe4 Nf6 19. Re1 Ng4 20. h4 Bxh4 21.
gxh4 Qxh4 22. Rh3 Qxf2+ 23. Kh1 Qf5 24. d5 Nf2+ 25. Kg2 Qxh3+ 26. Qxh3 Nxh3 27. Kxh3 e5 0-1

[Event "Early-Titled-Tuesday-Blitz-May-14-2024"]
[Site "Chess.com"]
[Date "2024.05.14"]
[Round "6"]
[White "KuzubovYuriy"]
[Black "Casablanca"]
[Result "1-0"]
[WhiteElo "2938"]
[BlackElo "2720"]
[TimeControl "180+1"]
[EndTime "9:05:05 PDT"]
[Termination "KuzubovYuriy won by resignation"]

1. d4 Nf6 2. c4 g6 3. Nc3 d6 4. e4 Bg7 5. Nge2 c5 6. d5 e6 7. Ng3 exd5 8. cxd5 O-O 9. Be2 a6 10. a4 Nbd7 11. O-O Rb8 12. h3 Ne8 13. Bf4 Ne5 14. Qd2 Nc7 15. Bh6 b5 16. Bxg7 Kxg7 17. f4 Nc4 18. Bxc4 bxc4 19. e5 Bb7 20. exd6 Qxd6 21.
Nge4 Qb6 22. a5 Qa7 23. f5 f6 24. fxg6 hxg6 25. Nxf6 Rxf6 26. Rxf6 Kxf6 27. Qf4+ Kg7 28. Qxc7+ Kh6 29. Rf1 Re8 30. Qf4+ Kg7 31. Qf7+ Kh6 32.
Qxe8 Bxd5 33. Nxd5 1-0

[Event "Early-Titled-Tuesday-Blitz-May-14-2024"]
[Site "Chess.com"]
[Date "2024.05.14"]
[Round "6"]
[White "GelmanAlexander"]
[Black "vladislavkovalev"]
[Result "0-1"]
[WhiteElo "2663"]
[BlackElo "2856"]
[TimeControl "180+1"]
[EndTime "9:05:18 PDT"]
[Termination "vladislavkovalev won by resignation"]

1. c4 g6 2. Nf3 Bg7 3. e3 d6 4.
Be2 e5 5. d3 f5 6. Nc3 Nf6 7. Qc2 O-O 8. a3 c5 9. O-O Nc6 10. Rb1 a5 11. b3 h6 12. Nd2 g5 13.
h3 h5 14. Nd5 g4 15. hxg4 hxg4 16. Bb2 Be6 17. Nxf6+ Qxf6 18. g3 Qh6 19. Rfe1 f4 20.
exf4 exf4 21. Bf1 Nd4 22. Bxd4 Bxd4 23. Rxe6 Qxe6 24. Ne4 fxg3 25. Nxg3 Rxf2 26. Qxf2 Bxf2+ 27. Kxf2 Rf8+ 28. Kg2 Qe3 29. Rb2 0-1

[Event "Early-Titled-Tuesday-Blitz-May-14-2024"]
[Site "Chess.com"]
[Date "2024.05.14"]
[Round "6"]
[White "MalyDominator"]
[Black "Massakru"]
[Result "1-0"]
[WhiteElo "2637"]
[BlackElo "2405"]
[TimeControl "180+1"]
[EndTime "9:05:20 PDT"]
[Termination "MalyDominator won by checkmate"]

1. e4 e5 2. Nc3 Nf6 3. d4 exd4 4. Qxd4 Nc6 5. Qd3 Bb4 6. Bd2 O-O 7. O-O-O Re8 8. Nge2 Ne5 9. Qg3 Nh5 10. Qe3 Nc4 11.
Qd4 Nxd2 12. Qxb4 a5 13. Qc5 Nxf1 14. Qxh5 g6 15. Qh6 b5 16. Rhxf1 b4 17. Nd5 Rxe4 18. Ng3 Rh4 19. Qe3 Ba6 20. Rfe1 Rxh2 21. Ne7+ Kg7 22. Ngf5+ gxf5 23. Qg5+ Kh8 24. Qf6# 1-0

[Event "Early-Titled-Tuesday-Blitz-May-14-2024"]
[Site "Chess.com"]
[Date "2024.05.14"]
[Round "6"]
[White "santosalberto1987"]
[Black "ilqar_74"]
[Result "1-0"]
[WhiteElo "2614"]
[BlackElo "2833"]
[TimeControl "180+1"]
[EndTime "9:05:21 PDT"]
[Termination "santosalberto1987 won by resignation"]

1. e4 c5 2. Nf3 d6 3. Bb5+ Nd7 4.
d4 cxd4 5. Qxd4 a6 6. Bxd7+ Bxd7 7. Nc3 Nf6 8. Bg5 e6 9. O-O-O Qc7 10. e5 dxe5 11. Nxe5 Bc5 12. Qf4 Bd6 13. Rxd6 Qxd6 14. Rd1 Qb8 15. Bxf6 gxf6 16. Qxf6 Rf8 17. Nxd7 Qd8 18.
Qxd8+ 1-0

[Event "Early-Titled-Tuesday-Blitz-May-14-2024"]
[Site "Chess.com"]
[Date "2024.05.14"]
[Round "6"]
[White "Acva-Alenok"]
[Black "MVM2008"]
[Result "1-0"]
[WhiteElo "2375"]
[BlackElo "2515"]
[TimeControl "180+1"]
[EndTime "9:05:28 PDT"]
[Termination "Acva-Alenok won by resignation"]

1. d4 Nf6 2. c4 e6 3. Nf3 b6 4. g3 Bb7 5. Bg2 Ne4 6. O-O f5 7. d5 exd5 8. cxd5 Bc5 9. e3 O-O 10. a3 a5 11. Nc3 Qe7 12. Nd4 Bd6 13. Nxf5 Rxf5 14. Bxe4 Re5 15. Bg2 Na6 16. f4 Rxe3 17.
Bxe3 Qxe3+ 18. Kh1 Bc5 19. Re1 1-0

[Event "Early-Titled-Tuesday-Blitz-May-14-2024"]
[Site "Chess.com"]
[Date "2024.05.14"]
[Round "6"]
[White "LamaChampetre"]
[Black "DerKnipser"]
[Result "1-0"]
[WhiteElo "2210"]
[BlackElo "2352"]
[TimeControl "180+1"]
[EndTime "9:05:29 PDT"]
[Termination "LamaChampetre won by checkmate"]

1. d4 Nf6 2. c4 c5 3. d5 e6 4. Nc3 exd5 5. cxd5 d6 6. Nf3 g6 7. e4 Bg7 8. Bb5+ Bd7 9. a4 O-O 10. O-O a6 11. Bxd7 Nbxd7 12. a5 Rb8 13. Bf4 Qc7 14. Rc1 Rfe8 15. Re1 Nh5 16. Bd2 Qxa5 17. h3 Qc7 18. g4 Nhf6 19. Bf4 b5 20. b4 c4 21. Nd4 Ne5 22. Bxe5 dxe5 23. Nc6 Ra8 24. Qd2 Nd7 25. Kg2 Bf8 26. Rb1 Nb8 27. Nxb8 Rexb8 28. h4 Bd6 29. h5 Qe7 30. hxg6 hxg6 31. Rh1 Kf8 32. Rh8+ Kg7 33.
Qh6+ Kf6 34. g5# 1-0

[Event "Early-Titled-Tuesday-Blitz-May-14-2024"]
[Site "Chess.com"]
[Date "2024.05.14"]
[Round "6"]
[White "Dolphin_2010"]
[Black "Cheer_Down"]
[Result "1-0"]
[WhiteElo "2627"]
[BlackElo "2452"]
[TimeControl "180+1"]
[EndTime "9:05:34 PDT"]
[Termination "Dolphin_2010 won by resignation"]

1. d4 d5 2. c4 e6 3. Nc3 Nf6 4. Bg5 Nbd7 5. e3 h6 6. Bf4 Bb4 7. Rc1 c5 8. a3 Bxc3+ 9. Rxc3 cxd4 10. Qxd4 O-O 11. Bd6 e5 12. Bxe5 Nxe5 13. Qxe5 Re8 14.
Qd4 Re4 15. Qd2 d4 16. Nf3 Bg4 17. Nxd4 Re7 18. Bd3 Qb6 19. c5 Qc7 20. O-O Rd8 21.
h3 Bc8 22. Nb5 Qb8 23. Bh7+ Kxh7 24. Qxd8 1-0

[Event "Early-Titled-Tuesday-Blitz-May-14-2024"]
[Site "Chess.com"]
[Date "2024.05.14"]
[Round "6"]
[White "SuperJesus88"]
[Black "Crazy_girl99"]
[Result "1-0"]
[WhiteElo "2539"]
[BlackElo "2638"]
[TimeControl "180+1"]
[EndTime "9:05:38 PDT"]
[Termination "SuperJesus88 won by resignation"]

1. e4 e5 2. Nf3 Nc6 3. Bb5 a6 4.
Bxc6 dxc6 5. d4 exd4 6. Qxd4 Qxd4 7. Nxd4 c5 8. Ne2 Bd7 9. f3 O-O-O 10. Nbc3 Ne7 11. Be3 Ng6 12. Kf2 f6 13. h4 h5 14. g3 Bd6 15. Rhd1 Rhf8 16. Nf4 Nxf4 17. Bxf4 Bxf4 18. gxf4 Rg8 19. Ke3 g5 20. hxg5 fxg5 21.
fxg5 Rxg5 22. Rg1 Rdg8 23. Rxg5 Rxg5 24. Rh1 Be6 25. Ne2 b5 26. a3 b4 27. Rg1 Rxg1 28.
Nxg1 a5 29. f4 c4 30. c3 c5 31. f5 Bd7 32. Nf3 Kc7 33. Ne5 Be8 34. f6 bxa3 35.
bxa3 Kb6 36. f7 Bxf7 37. Nxf7 Kb5 38. Ng5 Ka4 39. e5 Kxa3 40. e6 Kb2 41. e7 a4 42.
e8=Q a3 43. Qb5+ Ka1 44. Qxc5 a2 45. Qxc4 h4 46. Qxh4 Kb2 47. Qf2+ Ka1 48. Qxa2+ Kxa2 49. c4 1-0

[Event "Early-Titled-Tuesday-Blitz-May-14-2024"]
[Site "Chess.com"]
[Date "2024.05.14"]
[Round "6"]
[White "stamatolog13"]
[Black "romulocardoso"]
[Result "1-0"]
[WhiteElo "2563"]
[BlackElo "2309"]
[TimeControl "180+1"]
[EndTime "9:05:44 PDT"]
[Termination "stamatolog13 won by resignation"]

1. e4 c5 2. d4 cxd4 3. c3 dxc3 4. Nxc3 Nc6 5. Nf3 d6 6. Bc4 Nf6 7. e5 dxe5 8. Qxd8+ Nxd8 9. Nb5 Rb8 10. Nxe5 e6 11.
Nc7+ Ke7 12. Be3 b6 13. O-O-O Nd5 14. Bxd5 exd5 15. Nxd5+ Ke6 16. Rhe1 f6 17. Nc7+ Kxe5 18. Rxd8 Kf5 19. Bd2 g5 20. Ree8 Bg7 21. Rxh8 Bxh8 22. Rxh8 1-0

[Event "Early-Titled-Tuesday-Blitz-May-14-2024"]
[Site "Chess.com"]
[Date "2024.05.14"]
[Round "6"]
[White "JeFumeDesClopes"]
[Black "IvanMorovic"]
[Result "0-1"]
[WhiteElo "2702"]
[BlackElo "2584"]
[TimeControl "180+1"]
[EndTime "9:05:45 PDT"]
[Termination "IvanMorovic won by resignation"]

1. Nf3 d5 2. c4 e6 3. d4 c5 4. cxd5 exd5 5. Nc3 Nc6 6. g3 Nf6 7. Bg2 Be7 8. O-O O-O 9. a3 c4 10. Bf4 h6 11. Ne5 Be6 12. b3 cxb3 13. Nxc6 bxc6 14. Qxb3 c5 15. Qa4 cxd4 16. Qxd4 Rc8 17. Rfd1 Bc5 18. Qd2 Re8 19. Be5 Bxf2+ 20. Kh1 Ng4 0-1

[Event "Early-Titled-Tuesday-Blitz-May-14-2024"]
[Site "Chess.com"]
[Date "2024.05.14"]
[Round "6"]
[White "Azalea95"]
[Black "AlphaGoosee"]
[Result "0-1"]
[WhiteElo "2387"]
[BlackElo "2632"]
[TimeControl "180+1"]
[EndTime "9:05:49 PDT"]
[Termination "AlphaGoosee won by resignation"]

1. e4 c5 2. Nc3 d6 3. g3 g6 4.
Bg2 Bg7 5. d3 Nc6 6. f4 e6 7. Nf3 Nge7 8. O-O O-O 9. h3 Rb8 10.
g4 f5 11. Qe1 b5 12. exf5 gxf5 13. Ng5 Nd4 14. Qf2 h6 15. Nf3 Ng6 16. Be3 fxg4 17. Nxd4 cxd4 18. Bxd4 Rxf4 19. Bxg7 Rxf2 20. Rxf2 Kxg7 21. Raf1 Qe7 0-1

[Event "Early-Titled-Tuesday-Blitz-May-14-2024"]
[Site "Chess.com"]
[Date "2024.05.14"]
[Round "6"]
[White "Sanyura"]
[Black "patzer-reloaded"]
[Result "1-0"]
[WhiteElo "2637"]
[BlackElo "2399"]
[TimeControl "180+1"]
[EndTime "9:05:50 PDT"]
[Termination "Sanyura won by resignation"]

1. e4 d6 2. d4 Nf6 3. Nc3 g6 4. Nf3 Bg7 5. Bc4 O-O 6. O-O Nxe4 7. Bxf7+ Rxf7 8. Nxe4 h6 9. h3 Nd7 10. c3 Nf6 11. Ng3 Nd5 12. Re1 c6 13. c4 Nf4 14.
Bxf4 Rxf4 15. Qd3 Bf5 16. Nxf5 Rxf5 17. Nh4 Rf4 18. Nxg6 Rxd4 19. Qb3 e5 20. Qxb7 Rb8 21. Qxa7 Kh7 22. Ne7 Qb6 23. Qd7 Rf8 24. Nf5 Kg6 25.
Qxg7+ 1-0

[Event "Early-Titled-Tuesday-Blitz-May-14-2024"]
[Site "Chess.com"]
[Date "2024.05.14"]
[Round "6"]
[White "Khromkin"]
[Black "Dacean99"]
[Result "1-0"]
[WhiteElo "2404"]
[BlackElo "2589"]
[TimeControl "180+1"]
[EndTime "9:06:06 PDT"]
[Termination "Khromkin won by resignation"]

1. d4 d5 2. c4 dxc4 3. Nf3 Nf6 4. e3 e6 5. Bxc4 a6 6. O-O c5 7. Qe2 b5 8. Bb3 Bb7 9. a4 c4 10. Bc2 Nc6 11. Nbd2 Bd6 12. Ne4 Nb4 13. Nxd6+ Qxd6 14. Bb1 Be4 15. Bxe4 Nxe4 16. axb5 Nd3 17. Ne5 Nxe5 18. dxe5 Qc5 19. bxa6 O-O 20. f3 Ng5 21. h4 f6 22.
hxg5 fxg5 23. Bd2 Qxe5 24. Bc3 Qb5 25. Rfd1 Rxa6 26. Rxa6 Qxa6 27. Rd7 Rf7 28. Qd2 Rxd7 29. Qxd7 e5 1-0

[Event "Early-Titled-Tuesday-Blitz-May-14-2024"]
[Site "Chess.com"]
[Date "2024.05.14"]
[Round "6"]
[White "cycygogne"]
[Black "Resourchess"]
[Result "0-1"]
[WhiteElo "2184"]
[BlackElo "2376"]
[TimeControl "180+1"]
[EndTime "9:06:10 PDT"]
[Termination "Resourchess won by resignation"]

1. e4 d6 2. d4 g6 3. Nc3 Bg7 4.
Bg5 a6 5. a4 Nd7 6. Qd2 b6 7. Nf3 Bb7 8. Bd3 h6 9. Be3 c5 10. d5 Ngf6 11. O-O Ng4 12. Rae1 Nxe3 13. Qxe3 O-O 14. Kh1 Kh7 15. Nh4 Ne5 16. f4 Nxd3 17. cxd3 e6 18. dxe6 Qxh4 19. exf7 Rxf7 20. Rf3 Raf8 21.
Ref1 Bd4 22. Qe2 Rxf4 23. g3 Rxf3 24. Rxf3 Qd8 25. Qf1 Rxf3 26. Qxf3 Qf6 0-1

[Event "Early-Titled-Tuesday-Blitz-May-14-2024"]
[Site "Chess.com"]
[Date "2024.05.14"]
[Round "6"]
[White "JanMur7"]
[Black "HajiyevKanan"]
[Result "0-1"]
[WhiteElo "2271"]
[BlackElo "2482"]
[TimeControl "180+1"]
[EndTime "9:06:11 PDT"]
[Termination "HajiyevKanan won by resignation"]

1. c4 c6 2. d4 d5 3. Nc3 Nf6 4. Nf3 a6 5. cxd5 cxd5 6. Bf4 Nc6 7. e3 Bg4 8. Be2 e6 9. Ne5 Bxe2 10. Qxe2 Nxe5 11.
Bxe5 Bb4 12. O-O O-O 13. a3 Bxc3 14. bxc3 Rc8 15. Bxf6 Qxf6 16. Rfb1 Qe7 17. Qb2 Rc7 18. Qb6 Rfc8 19. h3 g6 20. a4 Rd7 21. Rb3 Rc6 22.
Qa7 Kg7 23. Rab1 b5 24. Qb8 bxa4 25. Rb7 Rcc7 26. R7b4 a3 27. R1b3 a2 28. Ra4 Rb7 29. Rxb7 Rxb7 30. Qe5+ f6 0-1

[Event "Early-Titled-Tuesday-Blitz-May-14-2024"]
[Site "Chess.com"]
[Date "2024.05.14"]
[Round "6"]
[White "GothamChess"]
[Black "Iskusnyh"]
[Result "1-0"]
[WhiteElo "2730"]
[BlackElo "2581"]
[TimeControl "180+1"]
[EndTime "9:06:17 PDT"]
[Termination "GothamChess won by resignation"]

1. e4 e6 2. d4 d5 3. exd5 exd5 4. h3 Nf6 5. Nf3 c5 6. Bd3 Nc6 7. O-O Be7 8. dxc5 Bxc5 9. Re1+ Be6 10. Nbd2 O-O 11. Nb3 Bb6 12. c3 h6 13. Be3 Re8 14.
Bxb6 Qxb6 15. Qd2 Ne4 16. Qe3 Qxe3 17. Rxe3 f5 18. Nbd4 Bd7 19. Rae1 g6 20. Bc2 Kg7 21. Bb3 Ne7 22. Ne5 Rad8 23. Nxd7 Rxd7 24. Ba4 Red8 25. Bxd7 Rxd7 26. f3 1-0

[Event "Early-Titled-Tuesday-Blitz-May-14-2024"]
[Site "Chess.com"]
[Date "2024.05.14"]
[Round "6"]
[White "zozik"]
[Black "HandKnit"]
[Result "0-1"]
[WhiteElo "2328"]
[BlackElo "2501"]
[TimeControl "180+1"]
[EndTime "9:06:17 PDT"]
[Termination "HandKnit won by checkmate"]

1. d4 Nf6 2. Nf3 e6 3. g3 b5 4. Bg2 Bb7 5. O-O c5 6. Bg5 a6 7. a4 b4 8. c3 Qb6 9. Bxf6 gxf6 10. Nbd2 Be7 11. Nc4 Qc7 12. a5 Nc6 13. dxc5 Bxc5 14. Qd2 h5 15. Rfd1 Rd8 16. Nd6+ Bxd6 17. Qxd6 Qxd6 18. Rxd6 Ke7 19. Rad1 bxc3 20. bxc3 Nxa5 21. Rb6 Bc6 22. Rxa6 Ra8 23. Rxa8 Rxa8 24. Ra1 Nc4 25. Rxa8 Bxa8 26. Nd4 Bxg2 27. Kxg2 d5 28. Kh3 Nb2 29. Kh4 Nd1 30. Kxh5 Nxf2 31. h4 Kf8 32. g4 Kg7 33. g5 f5 34. Nb5 Ne4 35. e3 Ng3# 0-1

[Event "Early-Titled-Tuesday-Blitz-May-14-2024"]
[Site "Chess.com"]
[Date "2024.05.14"]
[Round "6"]
[White "Fjal"]
[Black "aljado"]
[Result "1-0"]
[WhiteElo "2329"]
[BlackElo "2138"]
[TimeControl "180+1"]
[EndTime "9:06:19 PDT"]
[Termination "Fjal won by resignation"]

1. Nf3 Nf6 2. g3 g6 3. Bg2 Bg7 4. O-O O-O 5. d3 d6 6. e4 e5 7. Nc3 c6 8. a4 h6 9. Re1 Be6 10. Be3 Nbd7 11. d4 Ng4 12. Bc1 Qb6 13. a5 Qc7 14. d5 cxd5 15. exd5 Bf5 16. h3 Ngf6 17. g4 Nxg4 18. hxg4 Bxg4 19. Qd3 f5 20. Nh2 Bh5 21.
Nb5 Qb8 22. Qa3 Nc5 23. Be3 b6 24. axb6 axb6 25. Qxa8 Qxa8 26. Rxa8 Rxa8 27. Nxd6 Ra2 28.
Nc4 Nd7 29. d6 e4 30. Nxb6 Nxb6 31. Bxb6 Rxb2 32. d7 1-0

[Event "Early-Titled-Tuesday-Blitz-May-14-2024"]
[Site "Chess.com"]
[Date "2024.05.14"]
[Round "6"]
[White "KogotBobra17"]
[Black "amanjazu"]
[Result "1-0"]
[WhiteElo "2678"]
[BlackElo "2532"]
[TimeControl "180+1"]
[EndTime "9:06:21 PDT"]
[Termination "KogotBobra17 won by resignation"]

1. f4 e5 2. fxe5 d6 3. Nf3 g5 4. e4 g4 5. Bc4 gxf3 6. Qxf3 Nh6 7. d4 Be6 8. Bxe6 fxe6 9. O-O Kd7 10. d5 Qe7 11.
Qh3 Rg8 12. Bxh6 Bxh6 13. dxe6+ Kc6 14. Qc3+ Kb6 15. Qb4+ Ka6 16. Nc3 b6 17. Qc4+ Kb7 18. Rf7 Qd8 19. Nb5 Na6 20. Nxd6+ Kb8 21. Qxa6 1-0

[Event "Early-Titled-Tuesday-Blitz-May-14-2024"]
[Site "Chess.com"]
[Date "2024.05.14"]
[Round "6"]
[White "rhwr"]
[Black "laurenzchess"]
[Result "0-1"]
[WhiteElo "2327"]
[BlackElo "2495"]
[TimeControl "180+1"]
[EndTime "9:06:21 PDT"]
[Termination "laurenzchess won by resignation"]

1. e4 Nc6 2. Nc3 e6 3. d4 d5 4. Bb5 Ne7 5. Nf3 a6 6. Bxc6+ Nxc6 7. e5 f6 8. O-O Bb4 9. Bd2 O-O 10. a3 Ba5 11. exf6 Qxf6 12. Ne2 Bb6 13. c3 e5 14. Bg5 Qd6 15. dxe5 Nxe5 16. Nxe5 Qxe5 17. Bh4 Bg4 18.
Re1 Rae8 19. Bg3 Bxe2 20. Bxe5 Bxf2+ 21. Kh1 Bxd1 22. Rexd1 Rxe5 23. g3 c6 24. Kg2 Re2 25. Kh3 0-1

[Event "Early-Titled-Tuesday-Blitz-May-14-2024"]
[Site "Chess.com"]
[Date "2024.05.14"]
[Round "6"]
[White "TregubovP"]
[Black "aloe_normansen"]
[Result "1/2-1/2"]
[WhiteElo "2706"]
[BlackElo "2574"]
[TimeControl "180+1"]
[EndTime "9:06:23 PDT"]
[Termination "Game drawn by repetition"]

1. e4 c5 2. Nf3 d6 3. d4 cxd4 4. Qxd4 Nf6 5. Nc3 a6 6. Be2 Nc6 7. Qd3 g6 8. O-O Bg7 9. Nd5 O-O 10. c3 Nxd5 11. exd5 Ne5 12. Nxe5 Bxe5 13. Bh6 Bg7 14. Bxg7 Kxg7 15. Qd4+ Kg8 16. Rfe1 Bf5 17. Bf3 Rc8 18. a4 Re8 19. h4 Qc7 20. h5 Qc4 21. Qb6 Rc7 22. h6 Rec8 23. Re3 Qh4 24. Rae1 Qxh6 25. Rxe7 Rxe7 26. Rxe7 Qc1+ 27. Kh2 Qh6+ 28. Kg1 Qc1+ 29.
Kh2 Qh6+ 30. Kg1 1/2-1/2

[Event "Early-Titled-Tuesday-Blitz-May-14-2024"]
[Site "Chess.com"]
[Date "2024.05.14"]
[Round "6"]
[White "SirGerhard"]
[Black "Oleksandr_Bortnyk"]
[Result "0-1"]
[WhiteElo "2728"]
[BlackElo "3048"]
[TimeControl "180+1"]
[EndTime "9:06:25 PDT"]
[Termination "Oleksandr_Bortnyk won by resignation"]

1. d4 Nf6 2. Nf3 b6 3. Bg5 Bb7 4. Nbd2 e6 5. e3 Be7 6. Bd3 d6 7. O-O Nbd7 8. Qe2 h6 9. Bf4 Nh5 10. h3 Nxf4 11. exf4 O-O 12. Rfe1 c5 13. f5 e5 14.
dxe5 Nxe5 15. Nxe5 dxe5 16. Be4 Qd7 17. Bxb7 Qxb7 18.
Ne4 Rad8 19. Rad1 Rxd1 20. Rxd1 Rd8 21. Rxd8+ Bxd8 22. Qd3 Be7 23. Nc3 Kf8 24. Qd5 Qxd5 25. Nxd5 Bg5 26. Kf1 Ke8 27. Ke2 c4 28. b3 cxb3 29.
axb3 Kd7 30. Kd3 Bc1 31. Kc4 Kc6 32. Ne7+ Kd7 33. Nd5 Kd6 34. b4 b5+ 0-1

[Event "Early-Titled-Tuesday-Blitz-May-14-2024"]
[Site "Chess.com"]
[Date "2024.05.14"]
[Round "6"]
[White "sergoy"]
[Black "DishonorOnYourCow"]
[Result "1-0"]
[WhiteElo "2997"]
[BlackElo "2537"]
[TimeControl "180+1"]
[EndTime "9:06:28 PDT"]
[Termination "sergoy won by resignation"]

1. d4 Nf6 2. c4 g6 3. Nc3 d5 4. cxd5 Nxd5 5. e4 Nxc3 6. bxc3 Bg7 7. Nf3 c5 8. Be3 O-O 9. Be2 Nc6 10. O-O cxd4 11.
cxd4 Bg4 12. d5 Ne5 13. Nxe5 Bxe2 14. Qxe2 Bxe5 15. Rab1 b6 16. Qa6 Qc8 17. Qxc8 Rfxc8 18. Rfc1 Kf8 19. f4 Bg7 20. Kf2 Ke8 21. Kf3 Kd7 22. e5 Rxc1 23. Rxc1 Rc8 24. Rxc8 Kxc8 25.
Ke4 Kc7 26. g4 Bh6 27. h4 a6 28. Bd2 b5 29. Ba5+ Kd7 30. Bb4 Bg7 31. f5 gxf5+ 32. gxf5 e6 33. dxe6+ Ke8 34. exf7+ Kxf7 35. Bc3 Bh6 36.
e6+ Ke8 37. f6 Bf8 38. Kd5 b4 39. f7+ Kd8 40. Bf6+ 1-0

[Event "Early-Titled-Tuesday-Blitz-May-14-2024"]
[Site "Chess.com"]
[Date "2024.05.14"]
[Round "6"]
[White "HighLawView"]
[Black "yonaltimur"]
[Result "0-1"]
[WhiteElo "2104"]
[BlackElo "2357"]
[TimeControl "180+1"]
[EndTime "9:06:28 PDT"]
[Termination "yonaltimur won by resignation"]

1. e4 c5 2. b4 cxb4 3. a3 bxa3 4. d4 d5 5. e5 Nc6 6. c3 e6 7. Nf3 Nge7 8. Bd3 Nf5 9. Qc2 Be7 10. Bxa3 O-O 11. O-O g6 12. g4 Ng7 13. Qd2 f6 14. Qh6 fxe5 15. Bxe7 Qxe7 16. Nh4 e4 17. Be2 e5 18.
dxe5 Nxe5 19. c4 Bxg4 20. Bxg4 Nxg4 0-1

[Event "Early-Titled-Tuesday-Blitz-May-14-2024"]
[Site "Chess.com"]
[Date "2024.05.14"]
[Round "6"]
[White "francyIM"]
[Black "monomita"]
[Result "0-1"]
[WhiteElo "2868"]
[BlackElo "2766"]
[TimeControl "180+1"]
[EndTime "9:06:32 PDT"]
[Termination "monomita won by resignation"]

1. Nc3 e5 2. e4 Nf6 3. d4 exd4 4. Qxd4 Nc6 5. Qd3 d5 6. Nxd5 Nxd5 7. exd5 Nb4 8.
Qe4+ Qe7 9. Bd3 Nxd3+ 10. cxd3 Bf5 11. Qxe7+ Bxe7 12. Ke2 O-O-O 13. Be3 Rxd5 14. d4 Bf6 15. Nf3 Rb5 16. b3 Re8 17. Rac1 Ra5 18. a4 Be6 19. Nd2 Bg4+ 20. Kd3 Bf5+ 21. Kc3 Rd5 22. b4 a5 23. bxa5 Rxa5 24. Nc4 Ra6 25. Kb3 Bd7 26. a5 Be6 27.
Ka4 Kb8 28. Rhd1 Rd8 29. Bf4 Rc6 30. Kb4 Rxd4 31. Rd2 0-1

[Event "Early-Titled-Tuesday-Blitz-May-14-2024"]
[Site "Chess.com"]
[Date "2024.05.14"]
[Round "6"]
[White "ReinisUz"]
[Black "Carolinamazariegos88"]
[Result "1-0"]
[WhiteElo "2426"]
[BlackElo "1697"]
[TimeControl "180+1"]
[EndTime "9:06:32 PDT"]
[Termination "ReinisUz won by resignation"]

1. c4 f5 2. Nc3 Nf6 3. g3 g6 4. Bg2 Bg7 5. Nf3 O-O 6. O-O d6 7.
d4 Qe8 8. d5 e5 9. dxe6 Bxe6 10. b3 Nc6 11. Bb2 h6 12. Nd4 Nxd4 13. Qxd4 Ne4 14.
Qd3 Nc5 15. Qc2 a5 16. Nd5 Qf7 17.
Bxg7 Qxg7 18. Rad1 Rae8 19. e3 Kh8 20. Qd2 g5 21.
Qxa5 b6 22. Qc3 Bxd5 23. Qxg7+ Kxg7 24. Bxd5 f4 25. exf4 gxf4 26. Rfe1 fxg3 27. hxg3 Kf6 28. Kf1 Na6 29. a3 Nc5 30. b4 Na4 31. Rxe8 Rxe8 32. Bc6 Nc3 33. Rd3 Re2 34. Rxc3 Ra2 35. Bd5 Ke5 36.
g4 Kf4 37. Rh3 Kxg4 38. Rxh6 Rxa3 39. b5 Kf4 40. Rh7 Ra7 41. Ke2 Ra2+ 42. Kd3 Ke5 43.
Re7+ Kf6 44. Rxc7 Kg6 45. f4 Ra3+ 46. Ke4 1-0

[Event "Early-Titled-Tuesday-Blitz-May-14-2024"]
[Site "Chess.com"]
[Date "2024.05.14"]
[Round "6"]
[White "kingofthenil"]
[Black "tandaleo"]
[Result "1-0"]
[WhiteElo "2847"]
[BlackElo "2588"]
[TimeControl "180+1"]
[EndTime "9:06:33 PDT"]
[Termination "kingofthenil won by resignation"]

1. e4 e5 2. Nf3 Nc6 3. Bc4 Bc5 4. d3 Nf6 5. c3 d6 6. Bb3 h6 7.
Nbd2 Bb6 8. Nc4 Be6 9. O-O O-O 10. Re1 Ne7 11. d4 Ng6 12. dxe5 dxe5 13. Ncxe5 Nxe5 14. Nxe5 Bxb3 15. Qxb3 Qe7 16. Ng6 Qc5 17. Be3 Qh5 18. Nxf8 Rxf8 19. Bxb6 axb6 20. h3 Qg6 21. Qc4 c6 22. e5 Nd5 23. Rad1 Qg5 24. Qg4 Qxg4 25. hxg4 b5 26. e6 f6 27. g3 Ra8 28. f4 Kf8 29.
a3 Ke7 30. Kf2 g6 31. Kf3 Rh8 32. Rd2 Rh7 33. Rh2 Rh8 34. f5 h5 35. fxg6 hxg4+ 36. Kg2 Rg8 37. Rh7+ 1-0

[Event "Early-Titled-Tuesday-Blitz-May-14-2024"]
[Site "Chess.com"]
[Date "2024.05.14"]
[Round "6"]
[White "Manukyan_Artak"]
[Black "Larina_Maria"]
[Result "1-0"]
[WhiteElo "2562"]
[BlackElo "2387"]
[TimeControl "180+1"]
[EndTime "9:06:37 PDT"]
[Termination "Manukyan_Artak won by resignation"]

1. e4 c6 2. d4 d5 3. e5 Bf5 4. c4 e6 5. Nc3 h6 6. Qb3 Qb6 7.
c5 Qxb3 8. axb3 Nd7 9. b4 a6 10.
b5 cxb5 11. Nxb5 Rc8 12. Nd6+ Bxd6 13. exd6 e5 14. b4 exd4 15. Bb2 Ngf6 16. Bxd4 O-O 17. f3 Rfe8+ 18. Kd2 Ne5 19. Bxe5 Rxe5 20. Ne2 Bd7 21. Nd4 Nh5 22. g3 Nf6 23. Bd3 Bh3 24. Rhe1 Rce8 25.
Rxe5 Rxe5 26. b5 Nd7 27. c6 bxc6 28. bxc6 Nc5 29. d7 Bxd7 30. cxd7 Nxd7 31. Rxa6 Nc5 32. Ra8+ 1-0

[Event "Early-Titled-Tuesday-Blitz-May-14-2024"]
[Site "Chess.com"]
[Date "2024.05.14"]
[Round "6"]
[White "nrvisakh"]
[Black "GMG"]
[Result "0-1"]
[WhiteElo "2919"]
[BlackElo "2791"]
[TimeControl "180+1"]
[EndTime "9:06:39 PDT"]
[Termination "GMG won by resignation"]

1. Nf3 c5 2. e4 Nc6 3. Nc3 Nf6 4. g3 g6 5. Bg2 Bg7 6. O-O O-O 7. d3 d6 8. h3 Rb8 9. Re1 Nd7 10. Be3 b5 11.
Qc1 Nd4 12. Ne2 Nxf3+ 13. Bxf3 Ne5 14. Bg2 Nc6 15. Bh6 e5 16. Nc3 Be6 17. h4 Nd4 18. Ne2 Nc6 19. Kh2 Qd7 20. Rf1 f5 21. exf5 Rxf5 22. Bxg7 Kxg7 23. f4 Rbf8 24. Qe3 Nd4 25. Nxd4 cxd4 26. Qg1 Qc8 27. Rac1 Kg8 28. c3 exf4 29. g4 R5f7 30. cxd4 Qd8 31. g5 f3 32. Bh3 Bxh3 33. Kxh3 Rf4 34. Qg3 Qd7+ 35. Kh2 Rg4 36. Qh3 Qf5 37. Kh1 Qf4 0-1